 Dungeon Crawl Stone Soup version 0.23-b1-49-g13d5857 (webtiles) character file.

Game seed: 7072940010147512240

34 Kairos the Shield-Bearer (level 3, 0/19 HPs)
             Began as a Vine Stalker Fighter on Feb 3, 2019.
             Succumbed to an adder's poison
             ... on level 2 of the Dungeon.
             The game lasted 00:00:55 (515 turns).

Kairos the Shield-Bearer (Vine Stalker Fighter)      Turns: 515, Time: 00:00:56

Health: 0/19       AC:  6    Str: 19    XL:     3   Next: 31%
Magic:  2/4        EV:  7    Int:  8    God:
Gold:   79         SH:  9    Dex: 13    Spells: 2/2 levels left

rFire    . . .     SeeInvis .   a - +1 war axe
rCold    . . .     Gourm    .   c - +0 shield
rNeg     . . .     Faith    .   b - +0 scale mail
rPois    .         Spirit   +   (no helmet)
rElec    .         Reflect  .   (no cloak)
rCorr    .         Harm     .   (no gloves)
MR       .....                  (no boots)
Stlth    ..........             h - amulet of the acrobat
HPRegen  0.06/turn              (no ring)
MPRegen  0.09/turn              (no ring)

@: lethally poisoned (0 -> -11)
A: fangs 2, magic shield, antimagic bite, no potion heal 3, rot immunity
a: no special abilities


You were on level 2 of the Dungeon.
You were not hungry.

You visited 1 branch of the dungeon, and saw 2 of its levels.

You collected 79 gold pieces.

Inventory:

Hand Weapons
 a - a +1 war axe (weapon)
Armour
 b - a +0 scale mail (worn)
 c - a +0 shield (worn)
Jewellery
 h - an amulet of the acrobat (around neck)
Scrolls
 g - a scroll of teleportation
 k - 2 scrolls of remove curse
 m - a scroll of fear {unknown}
Potions
 d - a potion of might
 e - a potion of berserk rage {unknown}
 i - a potion of lignification {unknown}
 j - a potion of invisibility {unknown}
 l - a potion of flight {unknown}
 n - a potion of cancellation {unknown}
Comestibles
 f - 2 rations


   Skills:
 + Level 2.9 Fighting
 + Level 2.2 Axes
 + Level 2.7 Armour
 + Level 0.1 Dodging
 + Level 3.1 Shields


You had 2 spell levels left.
You didn't know any spells.
Your spell library was empty.

Dungeon Overview and Level Annotations

Branches:
Dungeon (2/15)

Altars:


Innate Abilities, Weirdness & Mutations

You have extremely sharp teeth.
When hurt, damage is shared between your health and your magic reserves.
Your bite disrupts and absorbs the magic of your enemies.
Potions cannot restore your health.
You are immune to rotting.


Message History

You hit the adder. Your bite misses the adder.
The adder is severely wounded.
You feel sick. You block the adder's attack.
The adder bites you but does no damage.
You closely miss the adder. Your bite misses the adder.
The adder is severely wounded.
You feel sick. The adder bites you.
You are lethally poisoned!
The adder poisons you! The adder bites you.
You are too injured to fight recklessly!
You are too injured to fight recklessly!
There is a lethal amount of poison in your body!
You closely miss the adder. Your bite misses the adder.
The adder is severely wounded.
* * * LOW HITPOINT WARNING * * *
You feel sick. The adder bites you.
* * * LOW HITPOINT WARNING * * *
You miss the adder. Your bite misses the adder.
The adder is severely wounded.
You die...

###..........# .
##.........#.#
#.........#.#
#..........>#
#......^..###
#...†.....# #
(...........#######.#
............(.......###
........###....@S......
...............#....##.
...............#.##.#
#######........#.# ..
#.[......#.# .
...##.....#.# ....
#...#..># ... .......##


You could see an adder.

Vanquished Creatures
  An ooze (D:1)
  A leopard gecko (D:1)
  3 giant cockroaches (D:1)
  2 hobgoblins (D:1)
  3 jackals (D:1)
  3 kobolds (D:1)
  5 bats (D:1)
  3 frilled lizards (D:1)
  2 goblins (D:1)
  5 rats
28 creatures vanquished.

Notes
Turn   | Place    | Note
-------+----------+-------------------------------------------
     0 | D:1      | Kairos the Vine Stalker Fighter began the quest for the
                  | Orb.
     0 | D:1      | Reached XP level 1. HP: 11/11 MP: 2/2
    98 | D:1      | Reached XP level 2. HP: 14/16 MP: 3/3
   105 | D:1      | Reached skill level 3 in Shields
   186 | D:1      | Reached XP level 3. HP: 17/19 MP: 4/4
   515 | D:2      | Succumbed to an adder's poison

Skill      XL: |  1  2 |
---------------+-------+-----
Shields        | 3 |  3.1
Axes           | 2 |  2.2
Fighting       | |  2.9
Armour         | |  2.7
Dodging        | |  0.1

Action                   || total
-------------------------++-------
Melee: War axe           ||    63
       Bite              ||     8
  Use: Scroll            ||     4
Armor: Scale mail        ||    23
Dodge: Dodged            ||    21
Block: Shield            ||    39
